 Dungeon Crawl Stone Soup version 0.19.5 (webtiles) character file.

0 Gargoyl the Skirmisher (level 1, 0/18 (19) HPs)
             Began as a Ghoul Abyssal Knight on Mar 27, 2017.
             Was a Follower of Lugonu.
             Slain by a troll (shapeshifter) (6 damage)
             ... on level 2 of the Abyss.
             The game lasted 00:00:13 (187 turns).

Gargoyl the Skirmisher (Ghoul Abyssal Knight)        Turns: 187, Time: 00:00:14

HP:   0/18 (19)     AC:  3    Str: 15    XL:     1   Next: 0%
MP:   1/1           EV: 11    Int:  7    God:    Lugonu [*.....]
Gold: 0             SH:  0    Dex:  8    Spells: 0 memorised, 0 levels left

rFire  . . .     SeeInvis .     a - +1 hand axe
rCold  + . .     Gourm    .     b - +0 leather armour
rNeg   + + +     Faith    .     (no shield)
rPois  ∞         Spirit   .     (no helmet)
rElec  .         Reflect  .     (no cloak)
rCorr  .         Harm     .     (no gloves)
MR     .....                    (no boots)
Stlth  +.........               (no amulet)
                                (no ring)
                                (no ring)

@: rotting
A: rotting body, claws 1, carnivore 3, cold resistance 1, negative energy
resistance 3, slow regeneration 1, torment resistance, unbreathing
a: Depart the Abyss, Renounce Religion


You were on level 2 of the Abyss.
You worshipped Lugonu.
Lugonu was aware of your devotion.
You were not hungry.

You visited 0 branches of the dungeon, and saw 0 of its levels.
You visited the Abyss 1 time.

Inventory:

Hand Weapons
 a - a +1 hand axe (weapon)
Armour
 b - a +0 leather armour (worn)
Potions
 d - 2 potions of curing {unknown}
Comestibles
 c - a meat ration


   Skills:
 + Level 3.2 Fighting
 + Level 1.7 Axes
 + Level 1.7 Armour
 + Level 0.8 Dodging
 + Level 2.0 Invocations


You couldn't memorise any spells.
You didn't know any spells.

Dungeon Overview and Level Annotations

Branches:
Dungeon (0/15)

Altars:


Innate Abilities, Weirdness & Mutations

Your body is rotting away.
You thrive on raw meat.
You are immune to poison.
You have sharp fingernails.
You are carnivorous and can eat meat at any time.
Your flesh is cold resistant. (rC+)
You are immune to negative energy. (rN+++)
You regenerate slowly when monsters are visible.
You are immune to unholy pain and torment.
You can survive without breathing.


Message History

Moving in this stuff is going to be slow.
Found a leather armour.
A necromancer comes into view. It is wielding a dagger.
The necromancer shouts!
A zombie and a simulacrum come into view.
There are monsters nearby!
Found a scroll labeled MACVENG NUPRI.
A polar bear comes into view.
The polar bear growls angrily.
The polar bear changes into a human!
Found a meat ration.
The tentacled starspawn misses you. The tentacled starspawn engulfs you!
Ouch! That really hurt!
A troll and a skeleton come into view.
Tentacles burst from the starspawn's body! 2 starspawn tentacles come into view.
A wolf spider zombie comes into view.
The wolf spider zombie moves out of view.
The troll closely misses you. The troll claws you.
You die...

#.. ..##...
.##..#.#.. . ..###
# #. ## #..#...#
#Z#.###.# .
.##..###.##..#.#
.##......#....#.?
#.... ....#Z....# .
. ..##.#..#.#.#
..####.# . #.pZT@#
# # .....#...#..#.#
... .#..#.####.#.#
## ## ... #..X...#
..
#....#.#.w#..##...#
# .#.####..#.#..#
.#.# # .. #
#.##...## ## .#
#.##.# #%# ..... .#
[. #. .....


You could see a tentacled starspawn, a necromancer, a troll, a wolf spider
zombie and an anaconda skeleton.

Vanquished Creatures (others)
  2 starspawn tentacles (Abyss:2)
2 creatures vanquished.

Notes
Turn   | Place    | Note
-------+----------+-------------------------------------------
     0 | Abyss:1  | Gargoyl the Ghoul Abyssal Knight began the quest for the Orb.
     0 | Abyss:1  | Reached XP level 1. HP: 19/19 MP: 1/1
    88 | Abyss:1  | Found a corrupted altar of Lugonu.
   172 | Abyss:2  | Noticed a necromancer
   173 | Abyss:2  | Noticed a swamp dragon simulacrum
   173 | Abyss:2  | Noticed an iron dragon zombie
   180 | Abyss:2  | Noticed a tentacled starspawn
   180 | Abyss:2  | Noticed a polar bear
   180 | Abyss:2  | Noticed a human
   180 | Abyss:2  | a polar bear changed into a human
   185 | Abyss:2  | Noticed a troll
   185 | Abyss:2  | Noticed an anaconda skeleton
   186 | Abyss:2  | Noticed a wolf spider zombie
   187 | Abyss:2  | Slain by a troll (shapeshifter)

Action                   || total
-------------------------++-------
Dodge: Dodged            ||     2
